 Dungeon Crawl Stone Soup version 0.29-a0-495-g17b79114eb (webtiles) character file.

Game seed: 14539199792675525303

6134 thiole the Thaumaturge (level 10, -3/56 HPs)
             Began as an Octopode Hedge Wizard on May 27, 2022.
             Was an Initiate of Gozag.
             Killed from afar by Maggie (25 damage)
             ... with a bolt of fire
             ... on level 9 of the Dungeon.
             The game lasted 00:46:26 (13882 turns).

thiole the Thaumaturge (Octopode Hedge Wizard)     Turns: 13882, Time: 00:46:29

Health: -3/56      AC:  3    Str: 11    XL:     10   Next: 89%
Magic:  10/25      EV: 17    Int: 20    God:    Gozag
Gold:   1430       SH:  0    Dex: 11    Spells: 19/32 levels left

rFire   . . .      SeeInvis .   m - +0 short sword (venom)
rCold   . . .      Faith    .   (no shield)
rNeg    . . .      Spirit   .   b - +2 hat
rPois   .          Reflect  .   (no amulet)
rElec   .          Harm     .   p - ring of wizardry
rCorr   .          Rampage  .   y - +4 ring of evasion
Will    .....                   (no ring)
Stlth   +++.......              (no ring)
HPRegen 0.18/turn               (no ring)
MPRegen 0.19/turn               (no ring)
                                (no ring)
                                (no ring)

@: gold aura, mesmerised
A: almost no armour, amphibious, 8 rings, camouflage 1, gelatinous body 1,
(nimble swimmer 1), tentacles
a: Renounce Religion, Potion Petition, Call Merchant, Bribe Branch


You were on level 9 of the Dungeon.
You worshipped Gozag.
Gozag was most pleased with you.
You visited 2 branches of the dungeon, and saw 10 of its levels.
You also visited: Sewer and Ossuary.

You collected 1590 gold pieces.
You paid 160 gold pieces to Gozag.

Inventory:

Hand Weapons
 a - a +0 dagger
 m - a +0 short sword of venom (weapon)
 F - a +2 demon trident of venom
Missiles
 G - 4 throwing nets
Armour
 b - a +2 hat (worn)
Jewellery
 i - a ring of ice
 j - a ring of ice
 p - a ring of wizardry (left tentacle)
 y - a +4 ring of evasion (right tentacle)
Wands
 o - a wand of mindburst (27)
 q - a wand of iceblast (5)
 J - a wand of charming (14)
Scrolls
 c - a scroll of magic mapping {unknown}
 d - 4 scrolls of vulnerability
 e - a scroll of silence
 f - a scroll of summoning {unknown}
 h - a scroll of enchant armour
 k - a scroll of amnesia
 n - 3 scrolls of noise
 r - a scroll of immolation {unknown}
 v - a scroll of torment {unknown}
 x - 2 scrolls of brand weapon {unknown}
 C - a scroll of fog {unknown}
 E - a scroll of blinking
 H - a scroll of teleportation {unknown}
Potions
 g - 5 potions of haste
 l - 2 potions of might {unknown}
 s - 2 potions of mutation
 t - 2 potions of resistance
 u - 3 potions of brilliance
 w - a potion of lignification {unknown}
 z - 7 potions of heal wounds
 A - a potion of curing {unknown}
 B - 2 potions of cancellation
 D - a potion of flight {unknown}
 I - a potion of invisibility {unknown}
 K - 5 potions of ambrosia


   Skills:
 - Level 2.0 Dodging
 - Level 4.0 Stealth
 + Level 11.6 Spellcasting
 - Level 3.0 Conjurations
 - Level 2.0 Summonings
 - Level 1.0 Translocations
 - Level 6.0 Fire Magic
 - Level 3.0 Earth Magic
 - Level 8.0 Poison Magic


You had 19 spell levels left.
You knew the following spells:

 Your Spells              Type           Power      Damage    Failure   Level
a - Magic Dart            Conj           92%        1d7       1%          1
b - Call Imp              Summ           19%        N/A       1%          2
c - Olgreb's Toxic Radia  Pois           43%        N/A       1%          4
d - Ignite Poison         Fire/Tmut/Pois 30%        N/A       1%          3
e - Stone Arrow           Conj/Erth      46%        3d9       2%          3

Your spell library contained the following spells:

 Spells                   Type           Power      Damage    Failure   Level
 Apportation              Tloc           30%        N/A       1%          1
 Sandblast                Erth           46%        2d11      1%          1
 Sting                    Tmut/Pois      100%       1d8       1%          1
 Passwall                 Tmut/Erth      14%        N/A       1%          2
 Poisonous Vapours        Pois/Air       54%        N/A       1%          2
 Conjure Flame            Conj/Fire      29%        6-21      1%          3
 Mephitic Cloud           Conj/Pois/Air  26%        N/A       1%          3
 Slow                     Hex            44%        N/A       2%          1
 Blink                    Tloc           30%        N/A       2%          2
 Lesser Beckoning         Tloc           15%        N/A       4%          3
 Alistair's Intoxication  Tmut/Pois      18%        N/A       13%         5
 Borgnjor's Vile Clutch   Necr/Erth      8%         N/A       32%         5
 Freezing Cloud           Conj/Ice/Air   7%         6-21      38%         5
 Manifold Assault         Tloc           15%        N/A       38%         5
 Eringya's Noxious Bog    Tmut/Pois      13%        N/A       54%         6


Dungeon Overview and Level Annotations

Branches:
Dungeon (9/15)             Temple (1/1) D:6           Sewer (visited)
Ossuary (visited)
   Lair: D:8-11         Orc: D:9-12

Altars:
Ashenzari
Cheibriados
Elyvilon
Fedhas
Gozag
Hepliaklqana
Kikubaaqudgha
Makhleb
Nemelex Xobeh
Qazlal
Ru
Sif Muna
Trog
Vehumet
Wu Jian
Xom
Yredelemnul
The Shining One

Shops:
D:1 ?   D:3 *   D:9 *

Annotations:
D:9 Maggie


Innate Abilities, Weirdness & Mutations

You cannot wear most types of armour.
You are amphibious.
You can wear up to eight rings at the same time.
Your skin changes colour to match your surroundings (Stealth+).
Your rubbery body absorbs attacks. (AC +1, EV +1)
((You are camouflaged when in or above water. (Stealth+)))
You have tentacles for arms and can constrict up to eight enemies at once.


Message History

Maggie mumbles some strange words.
Maggie attempts to bespell you!
You are mesmerised by Maggie!
Casting: Stone Arrow (dangerous; 2% risk of failure)
Confirm with . or Enter, or press ? or * to list all spells.
Aiming: Stone Arrow (dangerous; 2% risk of failure)
Press: ? - help, Shift-Dir - straight line, f/p - Maggie
Aim: Maggie, wielding a +4 morningstar of flaming and wearing +0 swamp dragon scales (lightly wounded, mesmerising, 75% to hit)
The stone arrow hits Maggie!
Maggie is moderately wounded.
Casting: Stone Arrow (dangerous; 2% risk of failure)
Confirm with . or Enter, or press ? or * to list all spells.
Aiming: Stone Arrow (dangerous; 2% risk of failure)
Press: ? - help, Shift-Dir - straight line, f/p - Maggie
Aim: Maggie, wielding a +4 morningstar of flaming and wearing +0 swamp dragon scales (moderately wounded, mesmerising, 75% to hit)
The stone arrow hits Maggie!
Maggie is moderately wounded.
Maggie hits you with a +4 morningstar of flaming!
Maggie burns you.
Casting: Stone Arrow (dangerous; 2% risk of failure)
Confirm with . or Enter, or press ? or * to list all spells.
Aiming: Stone Arrow (dangerous; 2% risk of failure)
Press: ? - help, Shift-Dir - straight line, f/p - Maggie
Aim: Maggie, wielding a +4 morningstar of flaming and wearing +0 swamp dragon scales (moderately wounded, mesmerising, 75% to hit)
The stone arrow hits Maggie!
Maggie is heavily wounded.
Maggie points at you and mumbles some strange words.
The bolt of fire hits you!!
Aiming: Mindburst
Press: ? - help, Shift-Dir - straight line, f/p - Maggie
Aim: Maggie, wielding a +4 morningstar of flaming and wearing +0 swamp dragon scales (heavily wounded, mesmerising, chance to affect: 64%) Maggie struggles to resist.
Maggie barely misses you.
Aiming: Mindburst
Press: ? - help, Shift-Dir - straight line, f/p - Maggie
Aim: Maggie, wielding a +4 morningstar of flaming and wearing +0 swamp dragon scales (heavily wounded, mesmerising, chance to affect: 64%) Maggie's mind is blasted!
Maggie gestures at you while chanting. The bolt of fire hits you!!
You die...
Your body crumbles into a pile of gold.

. ...
+.........+.......#.#
# #..
#.......).##........#
##.......######<.####
##.....## ##.#
##...## #.# ##'## #.#
#.# #.# #.########
#@# #@@....... #)#
......$.##...#.##)#
##.#.....#.$.....)#
#.....##...#.####
##...... # ..##.# ...
#.# #### #.#


You could see Maggie (mesmerising).

Vanquished Creatures
  A two-headed ogre (D:8)
  Maurice (D:8)
  A queen bee (D:9)
  A hornet (D:8)
  Grinder (D:3)
  Sigmund (D:3)
  A wyvern (D:8)
  4 orc warriors
  4 ice beasts
  5 black bears
  3 centaurs (D:9)
  A kobold brigand (D:6)
  2 elf zombies (Ossuary)
  6 bullfrogs
  3 wights (D:8)
  23 killer bees
  2 howler monkeys
  2 centaur zombies (Ossuary)
  A crimson imp (D:7)
  A jelly (D:7)
  2 gnoll shamans
  3 hounds
  2 orc priests
  4 iguanas
  6 orc wizards
  2 hound zombies (Ossuary)
  3 mummies (Ossuary)
  9 gnolls
  5 adders
  4 adder zombies (Ossuary)
  A worm (D:2)
  A dart slug (D:1)
  15 orcs
  17 ball pythons
  7 bats
  11 endoplasms
  9 giant cockroaches
  9 goblins
  4 hobgoblins
  A jackal (D:2)
  16 quokkas
  10 frilled lizards
  A gnoll zombie (Ossuary)
  A goblin zombie (Ossuary)
  2 hobgoblin zombies (Ossuary)
  7 jackal zombies (Ossuary)
  15 kobolds
  6 kobold zombies (Ossuary)
  An orc zombie (Ossuary)
  A quokka zombie (Ossuary)
  11 rats
  2 rat zombies (Ossuary)
  A spectral orc (D:4)
253 creatures vanquished.

Vanquished Creatures (collateral kills)
  A bullfrog (Sewer)
  A necrophage (D:5)
  2 ball pythons
  A goblin (D:3)
  2 quokkas (Sewer)
  A frilled lizard (Sewer)
8 creatures vanquished.

Vanquished Creatures (others)
  10 plants (D:2)
10 creatures vanquished.

Grand Total: 271 creatures vanquished

Notes
Turn   | Place    | Note
-------+----------+-------------------------------------------
     0 | D:1      | thiole the Octopode Hedge Wizard began the quest for the
                  | Orb.
     0 | D:1      | Reached XP level 1. HP: 11/11 MP: 4/4
   162 | D:1      | Reached XP level 2. HP: 10/17 MP: 4/6
   373 | D:1      | Found Vafoik Fare's Magic Scroll Shop.
   442 | D:1      | Learned a level 2 spell: Call Imp
   728 | D:1      | Reached XP level 3. HP: 18/21 MP: 8/8
  1105 | D:1      | Found a faded altar of an unknown god.
  1937 | D:2      | Reached XP level 4. HP: 24/27 MP: 3/9
  2060 | D:2      | Reached skill level 4 in Spellcasting
  2215 | D:2      | You fall into a shaft and drop 1 floor!
  2270 | D:3      | Noticed Sigmund
  2956 | D:4      | Noticed a black bear
  2996 | D:4      | Found a basalt altar of Yredelemnul.
  3187 | D:3      | Noticed Grinder
  3255 | D:3      | Found Rivoh's General Store.
  3307 | D:3      | Killed Sigmund
  3308 | D:3      | Reached skill level 1 in Fire Magic
  3308 | D:3      | Reached XP level 5. HP: 8/31 MP: 1/12
  3308 | D:3      | Reached XP level 6. HP: 9/36 MP: 1/13
  4115 | D:3      | Learned a level 4 spell: Olgreb's Toxic Radiance
  4119 | D:3      | Learned a level 3 spell: Ignite Poison
  4256 | D:3      | Paralysed by Grinder for 3 turns
  4586 | D:4      | Killed a black bear
  4587 | D:4      | Reached skill level 5 in Spellcasting
  4939 | D:5      | Entered Level 5 of the Dungeon
  5051 | D:5      | Found a glowing drain.
  5063 | Sewer    | Entered a sewer
  5800 | Sewer    | Reached XP level 7. HP: 20/41 MP: 0/14
  6268 | D:5      | Reached skill level 5 in Poison Magic
  6668 | D:5      | Learned a level 3 spell: Stone Arrow
  7027 | D:6      | Reached XP level 8. HP: 46/46 MP: 10/15
  7046 | D:6      | Found a staircase to the Ecumenical Temple.
  7055 | Temple   | Entered the Ecumenical Temple
  7152 | Temple   | Became a worshipper of Gozag Ym Sagoz the Greedy
  7414 | D:6      | Found a sand-covered staircase.
  7423 | Ossuary  | Entered an ossuary
  8092 | Ossuary  | Reached skill level 1 in Earth Magic
  9251 | D:3      | Killed Grinder
  9252 | D:3      | Reached XP level 9. HP: 28/51 MP: 1/17
  9798 | D:7      | Reached skill level 6 in Spellcasting
 10289 | D:7      | Found a broken altar of Ashenzari.
 10322 | D:7      | Reached skill level 5 in Fire Magic
 10836 | D:7      | Found a burning altar of Makhleb.
 10985 | D:7      | Reached skill level 7 in Spellcasting
 11386 | D:8      | Noticed a two-headed ogre
 11396 | D:8      | Killed a two-headed ogre
 11397 | D:8      | Reached skill level 8 in Spellcasting
 11559 | D:8      | Reached XP level 10. HP: 46/56 MP: 12/22
 11667 | D:8      | Reached skill level 9 in Spellcasting
 12008 | D:8      | Noticed Maurice
 12012 | D:8      | Killed Maurice
 12277 | D:8      | Reached skill level 10 in Spellcasting
 12741 | D:9      | Found Sailysy's Elemental Accessories.
 12938 | D:9      | Reached skill level 11 in Spellcasting
 13190 | D:9      | Found a white marble altar of Elyvilon.
 13572 | D:9      | Noticed Maggie
 13882 | D:9      | Killed from afar by Maggie

Illustrated notes

Levels and vault maps discovered:
D:1:      minmay_arrival_diagonal_passages, layout_basic, serial_bayou,
          serial_bayou_shore_a, serial_bayou_pond_e, serial_bayou_lagoon_b,
          serial_bayou_lake_a, shapermc_ecumenical_altar_pompeii, serial_shops,
          shop, hangedman_decor_lopped, minmay_quantized
D:2:      layout_loops_ring, serial_bayou, serial_bayou_shore_b,
          serial_bayou_pond_b, serial_bayou_pond_a, serial_bayou_pond_c,
          nicolae_figureground_pulse
D:3:      layout_basic, serial_shops, nicolae_shop_crystal, uniq_sigmund,
          uniq_grinder
D:4:      layout_cave_pods, yredelemnul_forgotten_temple_becter
D:5:      layout_loops_corners, cheibrodos_sewer_entry_drain
D:6:      layout_rooms, minmay_temple_entry_offerings, enter_ossuary_2
D:7:      layout_loops_corners, makhleb_grotto_becter,
          cheibrodos_ashenzari_chains, chequers_serial_rivers_micro_a
D:8:      layout_loops_ring, uniq_maurice
D:9:      layout_loops_corners, elyvilon_altar_1, special_room
          [special_room_bee], nicolae_elemental_shop, uniq_maggie
Temple:   dpeg_five_rooms_temple

Skill      XL: |  1  2  3  4  5  6  7  8  9 10 |
---------------+-------------------------------+-----
Stealth        | 3 4 |  4.0
Spellcasting   | 4 5 8 11 | 11.6
Summonings     | 2 |  2.0
Fire Magic     | 1 3 4 6 |  6.0
Poison Magic   | 2 4 6 7 8 |  8.0
Earth Magic    | 2 3 |  3.0
Conjurations   | 2 3 |  3.0
Dodging        | |  2.0
Translocations | |  1.0

Action                   |  1- 3 |  4- 6 |  7- 9 | 10-12 || total
-------------------------+-------+-------+-------+-------++-------
Melee: Dagger            |    43 |       |       |       ||    43
       Constrict         |    12 |    16 |    13 |     3 ||    44
       Tentacles         |     8 |    13 |    14 |     2 ||    37
       Short sword       |     8 |    70 |    54 |    15 ||   147
       Punch             |       |     1 |       |       ||     1
 Cast: Magic Dart        |    67 |   115 |    11 |     2 ||   195
       Call Imp          |       |    27 |    12 |       ||    39
       Olgreb's Toxic Ra |       |       |    35 |    36 ||    71
       Stone Arrow       |       |       |    69 |    11 ||    80
       Ignite Poison     |       |       |    21 |    13 ||    34
Evoke: Wand              |       |     4 |     3 |     6 ||    13
  Use: Scroll            |       |     7 |     8 |       ||    15
       Potion            |       |       |     1 |       ||     1
 Stab: Sleeping          |     6 |     4 |     1 |     1 ||    12
       Distracted        |       |     1 |       |       ||     1
Armor: Skin              |     2 |    21 |     5 |     2 ||    30
Dodge: Dodged            |    29 |    92 |    54 |    29 ||   204

Table legend: (Time is in decaauts)
 A = Elapsed time spent in this place.
 B = Non-inter-level travel time spent in this place.
 C = Inter-level travel time spent in this place.
 D = Time resting spent in this place.
 E = Time spent auto-exploring this place.
 F = Levels seen in this place.
 G = Mean time per level.
                   A        B        C        D        E       F      G
               +--------+--------+--------+--------+--------+-----+--------+
         Total |  13899 |  13416 |    483 |   1645 |   8989 |  12 | 1158.2 |
       Dungeon |  11469 |  11062 |    407 |   1208 |   7600 |   9 | 1274.3 |
        Temple |    173 |     97 |     76 |      0 |      0 |   1 |  173.0 |
         Sewer |    923 |    923 |      0 |     54 |    648 |   1 |  923.0 |
       Ossuary |   1332 |   1332 |      0 |    383 |    741 |   1 | 1332.0 |
               +--------+--------+--------+--------+--------+-----+--------+

Top non-repeatable levels by time:
     D:7: 1684 daAuts
     D:2: 1613 daAuts
     D:8: 1444 daAuts
 Ossuary: 1332 daAuts
     D:1: 1303 daAuts
     D:4: 1261 daAuts
     D:3: 1230 daAuts
     D:5: 1221 daAuts
     D:9: 1116 daAuts
   Sewer: 923 daAuts
     D:6: 595 daAuts
  Temple: 173 daAuts
